 Dungeon Crawl Stone Soup version 0.25-a0-294-gea9b1ad378 (webtiles) character file.

Game seed: 5441277874710209711, levelgen mode: classic

962 Borgoz the Slasher (level 8, -5/48 HPs)
             Began as a Gargoyle Fighter on Dec 18, 2019.
             Was a Follower of Dithmenos.
             Killed by divine providence
             ... invoked by an orc priest
              (10 damage)
             ... on level 5 of the Dungeon.
             The game lasted 00:06:13 (4418 turns).

Borgoz the Slasher (Gargoyle Fighter)               Turns: 4418, Time: 00:06:15

Health: -5/48      AC: 16    Str: 18 (20) XL:     8   Next: 15%
Magic:  0/7        EV: 15    Int:  6 (7)  God:    Dithmenos [*.....]
Gold:   164        SH:  0    Dex: 13 (16) Spells: 7/7 levels left

rFire    . . .     SeeInvis .   a - +0 long sword
rCold    . . .     Gourm    .   (no shield)
rNeg     + . .     Faith    .   b - +0 scale mail
rPois    ∞         Spirit   +   p - +2 hat
rElec    +         Reflect  .   n - +0 cloak
rCorr    .         Harm     .   (no gloves)
MR       .....                  (no boots)
Stlth    +.........             y - amulet of guardian spirit
HPRegen  0.16/turn              (no ring)
MPRegen  0.10/turn              (no ring)

@: agile, flying, wreathed by umbra, invisible
A: antennae 1, dopey 1, low mp 1, negative energy resistance 1, electricity
resistance, unbreathing, petrification resistance, rot immunity, AC +5
a: Renounce Religion


You were on level 5 of the Dungeon.
You worshipped Dithmenos.
Dithmenos was aware of your devotion.
You were very hungry.

You visited 2 branches of the dungeon, and saw 6 of its levels.

You collected 164 gold pieces.

Inventory:

Hand Weapons
 a - a +0 long sword (weapon)
Armour
 b - a +0 scale mail (worn)
 n - a +0 cloak (worn)
 p - a +2 hat (worn)
Jewellery
 y - an amulet of guardian spirit (around neck)
Wands
 d - a wand of paralysis (3)
 q - a wand of polymorph (4)
Scrolls
 c - 3 scrolls of teleportation {unknown}
 e - a scroll of fear {unknown}
 g - 2 scrolls of magic mapping {unknown}
 i - a scroll of enchant weapon {unknown}
 k - 3 scrolls of identify {unknown}
 m - 2 scrolls of noise {unknown}
 s - a scroll of random uselessness {unknown}
 t - 2 scrolls of remove curse {unknown}
 u - a scroll of blinking {unknown}
 x - 2 scrolls of immolation {unknown}
Potions
 h - a potion of degeneration
 l - a potion of lignification {unknown}
 r - a potion of mutation
Comestibles
 f - 7 rations


   Skills:
 + Level 4.9 Fighting
 * Level 6.1 Long Blades
 + Level 6.0 Armour
 - Level 2.1 Dodging
   Level 3.2 Shields


You had 7 spell levels left.
You didn't know any spells.
Your spell library contained the following spells:

 Spells                   Type           Power        Failure   Level  Hunger
 Animate Skeleton         Necr           N/A          82%         1    ##.....
 Pain                     Necr           #...         82%         1    ##.....
 Regeneration             Chrm/Necr      #.........   99%         3    ####...
 Vampiric Draining        Necr           #.........   99%         3    ####...
 Animate Dead             Necr           N/A          100%        4    #####..


Dungeon Overview and Level Annotations

Branches:
Dungeon (5/15)             Temple (1/1) D:4

Altars:
Cheibriados
Dithmenos
Elyvilon
Fedhas
Gozag
Hepliaklqana
Makhleb
Nemelex Xobeh
Okawaru
Qazlal
Ru
Sif Muna
Trog
Uskayaw
Wu Jian
Xom
Yredelemnul
Zin
The Shining One

Shops:
D:4 (


Innate Abilities, Weirdness & Mutations

You are resistant to torment.
Your stone body is resilient. (AC +5)
You are immune to poison.
You resist negative energy. (rN+)
You are resistant to electric shocks. (rElec)
You can survive without breathing.
You are immune to petrification.
You are immune to rotting.
You have a pair of small antennae on your head.
You are dopey. (Int -2)
Your magical capacity is low. (-10% MP)


Message History

The orc priest hits you but does no damage.
The orc priest casts a cantrip, but nothing happens.
The orc priest invokes the aid of Beogh against you.
Beogh smites you!
* * * LOW HITPOINT WARNING * * *
It was a potion of flight.
You feel very buoyant.
You fly up into the air.
The orc priest hits you with a +0 dagger.
* * * LOW HITPOINT WARNING * * *
The orc priest completely misses you. The orc priest barely misses you.
You riposte.
You closely miss the orc priest.
The orc priest is heavily wounded.
It was a potion of invisibility.
You fade into invisibility!
The orc priest hits you but does no damage.
The centaur skeleton closely misses you.
The orc priest invokes the aid of Beogh against you.
Beogh smites you!
You die...

# #.# #.≈≈#g# .### #.#
#.≈≈#####.... ##.##
#.≈≈≈≈≈≈≈≈≈≈≈ ##...##
#.≈≈≈≈≈≈≈≈≈
#.....###......... .
#.......[....##.# #..
#.....###..###..##...#
##...## #....oZo...#
##### #.###.@o##..o
#.# #†##.# #.# #.. .#
#.# #..# .# ... ....
.# #. #.#.. .# #.##. .
..


You could see 3 orc priests and a centaur skeleton.

Vanquished Creatures
  Grinder (D:3)
  A sky beast (D:5)
  A phantom (D:4)
  An ogre (D:4)
  A howler monkey (D:5)
  A crimson imp (D:5)
  A centaur skeleton (D:4)
  A hound (D:5)
  A bullfrog skeleton (D:5)
  An orc priest (D:4)
  Crazy Yiuf (D:3)
  Ijyb (D:3)
  Natasha (thrice) (D:3)
  2 orc wizards
  A worker ant (D:4)
  An adder (D:2)
  3 oozes
  An adder skeleton (D:4)
  4 worms
  2 dart slugs
  4 leopard geckos
  10 orcs
  A giant cockroach (D:1)
  5 goblins
  4 hobgoblins
  10 jackals (D:1)
  5 ball pythons
  12 bats
  7 kobolds
  A leopard gecko skeleton (D:4)
  A quokka skeleton (D:4)
  7 rats
96 creatures vanquished.

Notes
Turn   | Place    | Note
-------+----------+-------------------------------------------
     0 | D:1      | Borgoz the Gargoyle Fighter began the quest for the Orb.
     0 | D:1      | Reached XP level 1. HP: 14/14 MP: 1/1
    74 | D:1      | Reached XP level 2. HP: 13/19 MP: 2/2
   471 | D:1      | Reached XP level 3. HP: 23/23 MP: 3/3
   832 | D:1      | Reached skill level 1 in Dodging
  1052 | D:2      | Found a glowing golden altar of the Shining One.
  1053 | D:2      | Found a hide-covered altar of Uskayaw.
  1301 | D:2      | Found a bloodstained altar of Trog.
  1307 | D:2      | Found a snail-covered altar of Cheibriados.
  1677 | D:2      | Found a shadowy altar of Dithmenos.
  1694 | D:2      | Reached XP level 4. HP: 27/28 MP: 4/4
  1743 | D:2      | Found an iron altar of Okawaru.
  1744 | D:2      | Found an ornate altar of the Wu Jian Council.
  1884 | D:2      | Became a worshipper of Dithmenos the Shadowed
  2205 | D:3      | Noticed Grinder
  2208 | D:3      | Paralysed by Grinder for 3 turns
  2219 | D:3      | Killed Grinder
  2219 | D:3      | Reached XP level 5. HP: 16/32 MP: 5/5
  2219 | D:3      | Reached XP level 6. HP: 19/37 MP: 6/6
  2705 | D:3      | Noticed Ijyb
  2708 | D:3      | Paralysed by Ijyb for 4 turns
  2713 | D:3      | Paralysed by Ijyb for 5 turns
  2726 | D:3      | Killed Ijyb
  2768 | D:3      | Noticed Natasha
  2779 | D:3      | Killed Natasha
  2925 | D:3      | Found a runed translucent door.
  2926 | D:3      | Noticed Crazy Yiuf
  2934 | D:3      | Killed Crazy Yiuf
  2934 | D:3      | Reached skill level 5 in Armour
  2980 | D:3      | Noticed Natasha
  2993 | D:3      | Killed Natasha
  3138 | D:3      | Noticed Natasha
  3155 | D:3      | Killed Natasha
  3155 | D:3      | Reached XP level 7. HP: 33/42 MP: 7/7
  3279 | D:4      | Reached skill level 5 in Long Blades
  3370 | D:4      | Reached * piety under Dithmenos
  3404 | D:4      | Found Lyin's Weapon Boutique.
  3810 | D:4      | Found a staircase to the Ecumenical Temple.
  3909 | Temple   | Entered the Ecumenical Temple
  4165 | D:5      | Entered Level 5 of the Dungeon
  4204 | D:5      | Found a hazy altar of Hepliaklqana.
  4261 | D:5      | Identified the +11 spear of Corporal Punishment {elec, +Inv
                  | rF+ MP+9}
  4314 | D:5      | Reached XP level 8. HP: 48/48 MP: 8/8
  4323 | D:5      | Found a sacrificial altar of Ru.
  4400 | D:5      | Gained mutation: Your magical capacity is low. (-10% MP)
                  | [potion of mutation]
  4400 | D:5      | Gained mutation: You are dopey. (Int -2) [potion of
                  | mutation]
  4400 | D:5      | Gained mutation: You have a pair of small antennae on your
                  | head. [potion of mutation]
  4418 | D:5      | Killed from afar by an orc priest

Levels and vault maps discovered:
D:1:      lightli_arrival_statue_moat, layout_basic, minmay_misc_feat_doors,
          chequers_arboretum
D:2:      layout_loops_corners, nicolae_overflow_crystal_walls,
          nicolae_overflow_hidden_temple, gammafunk_temple_overflow_pools,
          first_ration
D:3:      layout_loops_ring, grunt_ministairs_11, uniq_ijyb,
          uniq_crazy_yiuf_cottage, uniq_grinder, uniq_natasha
D:4:      layout_cave_pools, temple_green, serial_shops, shop_fountains
D:5:      layout_loops_ring, nicolae_ashenzari_panopticon, kennysheep_mini,
          overflow_temple_1_default, gammafunk_ghost_gnarly_gnolls
Temple:   dpeg_chambers_temple

Skill      XL: |  1  2  3  4  5  6  7  8 |
---------------+-------------------------+-----
Long Blades    | 2 4 5 6 |  6.1
Dodging        | 1 2 |  2.1
Armour         | 4 5 6 |  6.0
Fighting       | 4 |  4.9
Shields        | |  3.2

Action                   |  1- 3 |  4- 6 |  7- 9 || total
-------------------------+-------+-------+-------++-------
Melee: Long sword        |   131 |   129 |   145 ||   405
       Unarmed           |       |     8 |       ||     8
Evoke: Wand              |       |       |     1 ||     1
  Use: Potion            |       |     1 |     6 ||     7
 Stab: Paralysed         |       |       |     5 ||     5
  Eat: Chunk             |     3 |     5 |     3 ||    11
Armor: Scale mail        |   133 |    89 |    87 ||   309
Dodge: Dodged            |   101 |    87 |   125 ||   313
       Rpst.: Long sword |    33 |    18 |    39 ||    90

Table legend:
 A = Non-vault XP
 B = Vault XP
 C = Vault XP percentage of total XP
 D = Non-vault monster count
 E = Vault monster count
 F = Vault count percentage of total count
                 A         B        C        D         E       F
            +---------+---------+-------+---------+---------+-------
      Total |     998 |     377 |  27.4 |      90 |       6 |   6.2
            +---------+---------+-------+---------+---------+-------
        D:1 |      57 |       0 |   0.0 |      27 |       0 |   0.0
        D:2 |      49 |       0 |   0.0 |      20 |       0 |   0.0
        D:3 |     157 |     377 |  70.6 |      21 |       6 |  22.2
        D:4 |     415 |       0 |   0.0 |      15 |       0 |   0.0
        D:5 |     320 |       0 |   0.0 |       7 |       0 |   0.0
            +---------+---------+-------+---------+---------+-------
